 Dungeon Crawl Stone Soup version 0.29.1-15-g9cfb28693d (webtiles) character file.

Game seed: 6163326927079619327

16557 Smoke131 the Fighter (level 12, -12/106 HPs)
             Began as a Black Draconian Fire Elementalist on Mar 3, 2023.
             Was a Priest of Vehumet.
             Mangled by a komodo dragon (20 damage)
             ... on level 1 of the Lair of Beasts.
             The game lasted 00:42:05 (17656 turns).

Smoke131 the Fighter (DrFE)                        Turns: 17656, Time: 00:42:06

Health: -12/106    AC: 13    Str: 11    XL:     12   Next: 11%
Magic:  25/28      EV: 16    Int: 20    God:    Vehumet [***...]
Gold:   772        SH:  0    Dex: 12    Spells: 11/21 levels left

rFire   . . .      SeeInvis .   q - staff of conjuration
rCold   . . .      Faith    .   (no shield)
rNeg    . . .      Spirit   .   (body armour unavailable)
rPois   .          Reflect  .   (helmet restricted)
rElec   +          Harm     .   (no cloak)
rCorr   .          Rampage  .   n - +1 pair of gloves
Will    .....                   r - +2 pair of boots
Stlth   ++........              (no amulet)
HPRegen 0.27/turn               m - ring of flight
MPRegen 0.21/turn               w - ring of magical power

@: flying
A: breathe lightning, AC +8, unfitting armour, electricity resistance,
cold-blooded
a: Breathe Lightning, Renounce Religion


You were on level 1 of the Lair of Beasts.
You worshipped Vehumet.
Vehumet was most pleased with you.
You visited 3 branches of the dungeon, and saw 13 of its levels.
You also visited: Sewer and Ossuary.

You collected 1035 gold pieces.
You spent 263 gold pieces at shops.

Inventory:

Hand Weapons
 i - the +4 long sword "Nukec" {venom, Str+4}
   (You bought it in a shop on level 7 of the Dungeon)

   It poisons the flesh of those it strikes.
   Str:       It affects your strength (+4).
 D - a +5 quarterstaff of draining
Missiles
 I - a throwing net
Armour
 n - a +1 pair of gloves (worn)
 r - a +2 pair of boots (worn)
Magical Staves
 q - a staff of conjuration (weapon)
Jewellery
 j - a ring of see invisible
 l - a ring of fire
 m - a ring of flight (left hand)
 o - a +6 ring of intelligence
 w - a ring of magical power (right hand)
 B - a ring of wizardry
 C - a ring of wizardry
Wands
 p - a wand of roots (14)
 v - a wand of paralysis (8)
 y - a wand of flame (11)
 E - a wand of light (3)
Scrolls
 a - 3 scrolls of vulnerability
 b - 7 scrolls of identify
 g - a scroll of enchant armour
 h - 9 scrolls of butterflies
 k - 4 scrolls of teleportation
 t - a scroll of blinking
 G - a scroll of summoning {unknown}
 H - a scroll of torment {unknown}
Potions
 c - a potion of ambrosia {unknown}
 d - 10 potions of curing
 e - 3 potions of lignification
 f - 4 potions of flight
 s - 2 potions of brilliance
 u - 2 potions of magic
 x - 2 potions of mutation
 z - 3 potions of attraction
 A - 2 potions of resistance


   Skills:
 - Level 10.0 Fighting
 + Level 9.8 Dodging
 - Level 1.7 Stealth
 - Level 5.0 Spellcasting
 - Level 10.0 Conjurations
 - Level 10.0 Fire Magic


You had 11 spell levels left.
You knew the following spells:

 Your Spells              Type           Power      Damage    Failure   Level
a - Foxfire               Conj/Fire      100%       2x1d9     1%          1
b - Scorch                Fire           90%        2d10      1%          2
c - Conjure Flame         Conj/Fire      61%        6-21      1%          3
d - Flame Wave            Conj/Fire      61%        2d14      1%          4

Your spell library contained the following spells:

 Spells                   Type           Power      Damage    Failure   Level
 Static Discharge         Conj/Air       37%        3-8/arc   1%          2
 Inner Flame              Hex/Fire       25%        N/A       1%          3
 Freeze                   Ice            20%        1d4       3%          1
 Hailstorm                Conj/Ice       37%        3d9       4%          4
 Frozen Ramparts          Ice            10%        1d2       10%         3
 Irradiate                Conj/Tmut      18%        3d17      11%         5
 Apportation              Tloc           10%        N/A       12%         1
 Necrotise                Necr           20%        1d5       12%         1
 Summon Small Mammal      Summ           20%        N/A       12%         1
 Sublimation of Blood     Necr           5%         N/A       17%         2
 Gell's Gravitas          Tloc           5%         N/A       34%         3
 Lesser Beckoning         Tloc           5%         N/A       34%         3
 Teleport Other           Tloc           5%         N/A       34%         3
 Iron Shot                Conj/Erth      18%        9d4       47%         6
 Petrify                  Tmut/Erth      5%         N/A       75%         4
 Blade Hands              Tmut           2%         N/A       97%         5
 Metabolic Englaciation   Hex/Ice        2%         N/A       97%         5
 Statue Form              Tmut/Erth      3%         N/A       100%        6
 Animate Armour           Summ/Erth      Unusable   N/A       N/A         4

Dungeon Overview and Level Annotations

Branches:
Dungeon (11/15)            Temple (1/1) D:6            Lair (1/5) D:8
    Orc (0/2) D:11          Sewer (visited)         Ossuary (visited)

Altars:
Ashenzari
Cheibriados
Gozag
Hepliaklqana
Kikubaaqudgha
Makhleb
Nemelex Xobeh
Okawaru
Sif Muna
Trog
Uskayaw
Vehumet
Wu Jian
Xom
Yredelemnul
The Shining One

Shops:
D:3 (   D:7 (

Portals:
Abyss: D:5

Annotations:
D:5 2 transporters, mrgoodbar64's ghost, novice OpCj


Innate Abilities, Weirdness & Mutations

You can breathe wild blasts of lightning.
Your glossy black scales are hard. (AC +8)
You cannot fit into any form of body armour.
You are resistant to electric shocks. (rElec)
You are cold-blooded and may be slowed by cold attacks.


Message History

You are engulfed in a cloud of scalding steam.
The cane toad is engulfed in a cloud of scalding steam.
The cane toad stings you.
* * * LOW HITPOINT WARNING * * *
The water moccasin bites you but does no damage.
The cane toad stings you!
* * * LOW HITPOINT WARNING * * *
You feel much better. The water moccasin barely misses you.
The water moccasin bites you.
* * * LOW HITPOINT WARNING * * *
The cane toad stings you!
* * * LOW HITPOINT WARNING * * *
A polar bear comes into view.
Casting: Flame Wave (mildly dangerous; 1% risk of failure)
Confirm with . or Enter, or press ? or * to list all spells.
Casting: Flame Wave (mildly dangerous; 1% risk of failure)
Press: ? - help, Dir - look around, f - activate You feel a surge of power!
A wave of flame ripples out!
The flame wave engulfs the water moccasin!
You kill the water moccasin!
Vehumet accepts your kill.
You feel your power returning.
The flame wave engulfs the cane toad!
You kill the cane toad!
Vehumet accepts your kill.
You feel your power returning.
The flame wave engulfs the komodo dragon!
The komodo dragon is lightly wounded. (Press . to intensify the flame waves.)
You hear a deafening roar!
The komodo dragon bites you.
* * * LOW HITPOINT WARNING * * *
A wave of flame ripples out!
The flame wave engulfs the komodo dragon!!
The komodo dragon is severely wounded.
You are engulfed in a cloud of scalding steam.
* * * LOW HITPOINT WARNING * * *
You hear a roar!
You hear a bark! x2
A hell rat comes into view.
The komodo dragon bites you!!
You die...

#######
####≈≈≈≈≈≈#
##§≈≈≈≈≈~≈≈≈
#≈§≈§~~..≈~~
#≈§~..hr..
#≈~§...#
#§§§.####
#§§l§.#'#
#§@§§...#
#§§§§...#
##§§§...#
##≈~...#
####'.#######
##..........# ###
#...........###.#
##..........'....
#..........#####


You could see a polar bear, a komodo dragon and a hell rat.

Vanquished Creatures
  Snorg (D:11)
  Fannar (D:11)
  2 hydras
  A boulder beetle (D:8)
  A two-headed ogre (D:9)
  Erica (D:10)
  Lodul (D:11)
  2 black mambas (Lair:1)
  A gargoyle (D:11)
  A cane toad (Lair:1)
  2 komodo dragons
  A troll (D:8)
  A wyvern (D:8)
  2 basilisks (Lair:1)
  20 yaks
  A wraith (Ossuary)
  6 vampire mosquitoes
  An acid dragon (D:9)
  2 water moccasins (Lair:1)
  2 ice beasts
  2 orc warriors (D:9)
  A sky beast (D:6)
  12 ogres
  2 wolves (D:8)
  4 centaurs
  3 kobold brigands
  3 bullfrogs
  A gnoll sergeant (D:11)
  A necrophage (D:6)
  3 scorpions
  3 wights (D:6)
  29 killer bees
  3 electric eels (D:8)
  2 howler monkeys
  4 crimson imps
  5 hounds
  2 jellies
  A gnoll bouda (D:9)
  5 orc priests
  An iguana (D:5)
  Natasha (thrice) (D:3)
  3 orc wizards
  3 mummies
  5 adders
  12 gnolls
  5 river rats
  2 shadow imps
  4 white imps
  An ufetubus (D:4)
  A worm (D:2)
  6 dart slugs
  28 orcs
  13 ball pythons
  5 bats
  9 endoplasms
  3 giant cockroaches
  6 goblins
  10 hobgoblins
  8 jackals
  6 quokkas
  2 frilled lizards
  5 gnoll skeletons (Ossuary)
  2 hobgoblin zombies (D:6)
  16 kobolds
  7 kobold skeletons (Ossuary)
  13 orc skeletons (Ossuary)
  4 orc zombies
  7 rats
326 creatures vanquished.

Vanquished Creatures (collateral kills)
  4 foxfires (D:1)
4 creatures vanquished.

Vanquished Creatures (others)
  356 foxfires
  2 plants
358 creatures vanquished.

Grand Total: 688 creatures vanquished

Notes
Turn   | Place    | Note
-------+----------+-------------------------------------------
     0 | D:1      | Smoke131 the Draconian Fire Elementalist began the quest
                  | for the Orb.
     0 | D:1      | Reached XP level 1. HP: 14/14 MP: 3/3
   403 | D:1      | Reached XP level 2. HP: 22/22 MP: 1/5
   406 | D:1      | Learned a level 2 spell: Scorch
   895 | D:1      | Reached skill level 1 in Fighting
  1425 | D:2      | Reached XP level 3. HP: 28/28 MP: 6/6
  1938 | D:2      | Reached XP level 4. HP: 32/35 MP: 1/7
  2533 | D:3      | Learned a level 3 spell: Conjure Flame
  2677 | D:3      | Found Ixuazong's Weapon Shop.
  2753 | D:3      | Noticed Natasha
  2757 | D:3      | Killed Natasha
  2785 | D:3      | Noticed Natasha
  2788 | D:3      | Killed Natasha
  2789 | D:3      | Reached XP level 5. HP: 41/41 MP: 3/9
  3136 | D:3      | Noticed Natasha
  3147 | D:3      | Killed Natasha
  3684 | D:4      | Found a glowing drain.
  3753 | Sewer    | Entered a sewer
  3913 | Sewer    | Reached XP level 6. HP: 33/50 MP: 4/10
  3953 | Sewer    | Found a white marble altar of Elyvilon.
  4039 | D:4      | Found a sand-covered staircase.
  4045 | Ossuary  | Entered an ossuary
  4045 | Ossuary  | Noticed a wraith
  4045 | Ossuary  | Noticed a wraith
  4045 | Ossuary  | Noticed a wraith
  4608 | Ossuary  | Noticed a wraith
  4979 | Ossuary  | Killed a wraith
  4980 | Ossuary  | Your scales start taking on a glossy black colour.
  4980 | Ossuary  | Reached XP level 7. HP: 54/57 MP: 0/12
  4980 | Ossuary  | Gained mutation: You are resistant to electric shocks.
                  | (rElec) [Black Draconian growth]
  5256 | D:4      | Found an opulent altar of Gozag.
  5334 | D:4      | Found a shimmering altar of Xom.
  5925 | D:4      | Found a glowing golden altar of the Shining One.
  6202 | D:5      | Entered Level 5 of the Dungeon
  6884 | D:5      | Reached skill level 5 in Fire Magic
  6974 | D:5      | Found a transporter.
  7034 | D:5      | Found a transporter.
  7034 | D:5      | Noticed mrgoodbar64's ghost (novice OpCj)
  7036 | D:5      | Found a one-way gate to the infinite horrors of the Abyss.
  7074 | D:5      | Noticed a small abomination
  7076 | D:5      | Reached XP level 8. HP: 64/66 MP: 14/14
  7843 | D:6      | Learned a level 4 spell: Flame Wave
  7866 | D:6      | Found a burning altar of Makhleb.
  8110 | D:6      | Reached skill level 5 in Fighting
  8457 | D:6      | Found a staircase to the Ecumenical Temple.
  8499 | Temple   | Entered the Ecumenical Temple
  8505 | Temple   | Became a worshipper of Vehumet
  8552 | D:6      | Found a broken altar of Ashenzari.
  8820 | D:7      | Found a basalt altar of Yredelemnul.
  8821 | D:7      | Found an iron altar of Okawaru.
  8823 | D:7      | Found an ornate altar of the Wu Jian Council.
  8937 | D:7      | Reached skill level 5 in Dodging
  8937 | D:7      | Reached skill level 5 in Conjurations
  8991 | D:7      | Found Dunanead's Antique Weapon Shoppe.
  8994 | D:7      | Reached skill level 5 in Spellcasting
  9019 | D:7      | Bought a jewelled long sword for 263 gold pieces
  9019 | D:7      | Identified the +4 long sword "Nukec" {venom, Str+4} (You
                  | bought it in a shop on level 7 of the Dungeon)
  9059 | D:7      | Reached XP level 9. HP: 72/74 MP: 13/16
  9421 | D:8      | Noticed a troll
  9431 | D:8      | Killed a troll
  9538 | D:8      | Found a staircase to the Lair.
  9612 | D:8      | Noticed a boulder beetle
 10905 | D:8      | Killed a boulder beetle
 11416 | D:8      | Reached XP level 10. HP: 60/86 MP: 13/17
 11816 | D:8      | Reached * piety under Vehumet
 11816 | D:8      | Offered knowledge of Magic Dart by Vehumet.
 13357 | D:9      | Reached ** piety under Vehumet
 13357 | D:9      | Offered knowledge of Sandblast by Vehumet.
 14308 | D:9      | Noticed a two-headed ogre
 14323 | D:9      | Killed a two-headed ogre
 14324 | D:9      | Reached XP level 11. HP: 95/95 MP: 6/18
 14643 | D:10     | Entered Level 10 of the Dungeon
 14654 | D:10     | Noticed Erica
 15198 | D:10     | Killed Erica
 15695 | D:11     | Noticed Fannar
 15719 | D:11     | Killed Fannar
 15883 | D:11     | Noticed Lodul
 15984 | D:11     | Found a staircase to the Orcish Mines.
 16067 | D:11     | Noticed an eight-headed hydra
 16136 | D:11     | Killed an eight-headed hydra
 16368 | D:11     | Offered knowledge of Static Discharge by Vehumet.
 16616 | D:11     | Killed Lodul
 16624 | D:11     | Reached skill level 10 in Fighting
 16861 | D:11     | Noticed Snorg
 16913 | D:11     | Killed Snorg
 16913 | D:11     | Reached *** piety under Vehumet
 16914 | D:11     | Reached skill level 10 in Fire Magic
 17329 | Lair:1   | Entered Level 1 of the Lair of Beasts
 17357 | Lair:1   | Noticed a six-headed hydra
 17369 | Lair:1   | Killed a six-headed hydra
 17648 | Lair:1   | Reached skill level 10 in Conjurations
 17648 | Lair:1   | Reached XP level 12. HP: 50/106 MP: 19/19
 17656 | Lair:1   | Mangled by a komodo dragon

Illustrated notes

Levels and vault maps discovered:
D:1:      scummos_arrival_forest, layout_loops_ring, serial_bayou_lagoon_a,
          minivault_5
D:2:      layout_loops_ring, st_stairs_7, minmay_octomino_c4
D:3:      layout_basic, serial_shops, nicolae_shop_advertising_works
          [nicolae_subvault_shop_adworks], uniq_natasha
D:4:      layout_basic, marbit_many_paths, mainiacjoe_overflow_catch_the_wave,
          portal_sewer_entry_c, nicolae_ossuary_entry_giza
D:5:      layout_loops_ring, gammafunk_ghost_abyssal_escape
D:6:      layout_basic, mainiacjoe_overflow_paths,
          mainiacjoe_overflow_cross_hatched, minmay_temple_entry_proselytizer,
          minmay_mini_ossuary
D:7:      layout_rooms, chequers_temple_overflow_statue_of_worship,
          serial_shops, nicolae_shop_crystal
D:8:      layout_loops_cross, erik_lair_island, minmay_nine_imps
D:9:      layout_basic, kennysheep_generic_room_12
D:10:     layout_rooms, uniq_erica
D:11:     layout_rooms, orc_0_dummy, minivault_22, uniq_fannar, uniq_lodul,
          uniq_snorg
Temple:   eino_narrow_crystal_temple
Lair:1:   layout_roguey, portal_ice_cave_demonic_guard, enter_volcano_3,
          minivault_27, nicolae_lair_lakeside_cave

Skill      XL: |  1  2  3  4  5  6  7  8  9 10 11 |
---------------+----------------------------------+-----
Dodging        | 2 3 4 5 6 7 9 |  9.8
Fighting       | 1 2 3 4 5 7 8 10 | 10.0
Conjurations   | 2 3 4 5 6 8 10 | 10.0
Spellcasting   | 3 4 5 |  5.0
Fire Magic     | 4 5 6 7 8 10 | 10.0
Stealth        | |  1.7

Action                   |  1- 3 |  4- 6 |  7- 9 | 10-12 || total
-------------------------+-------+-------+-------+-------++-------
Melee: Unarmed           |    13 |       |       |       ||    13
       Spear             |    31 |    12 |       |       ||    43
       Tailslap          |     2 |     8 |    21 |    61 ||    92
       Staff             |       |    54 |    93 |   431 ||   578
       Punch             |       |     2 |     1 |     2 ||     5
 Cast: Foxfire           |    40 |    96 |    60 |     8 ||   204
       Scorch            |       |    32 |   152 |   186 ||   370
       Conjure Flame     |       |       |     1 |    11 ||    12
       Flame Wave        |       |       |       |    13 ||    13
 Abil: Breathe Lightning |       |       |    10 |     9 ||    19
Evoke: Wand              |       |       |     5 |       ||     5
  Use: Potion            |       |     5 |       |     7 ||    12
       Scroll            |       |     5 |    17 |       ||    22
 Stab: Sleeping          |     3 |     2 |       |       ||     5
       Distracted        |       |     1 |       |       ||     1
Armor: Skin              |    20 |    34 |    58 |   198 ||   310
Dodge: Dodged            |    29 |    60 |   111 |   449 ||   649
